 Dungeon Crawl Stone Soup version 0.28.0-43-g3370ac3207 (webtiles) character file.

Game seed: 8574468102506543666

16 mortz the Chiller (level 2, 0/19 HPs)
             Began as a Human Ice Elementalist on Mar 4, 2022.
             Slain by a worm (10 damage)
             ... on level 2 of the Dungeon.
             The game lasted 00:05:05 (1093 turns).

mortz the Chiller (Human Ice Elementalist)          Turns: 1093, Time: 00:05:06

Health: 0/19       AC:  2    Str:  8    XL:     2   Next: 70%
Magic:  4/5        EV: 12    Int: 15    God:
Gold:   45         SH:  0    Dex: 13    Spells: 4/5 levels left

rFire   . . .      SeeInvis .   b - +0 dagger {short}
rCold   . . .      Faith    .   (no shield)
rNeg    . . .      Spirit   .   a - +0 robe
rPois   .          Reflect  .   (no helmet)
rElec   .          Harm     .   (no cloak)
rCorr   .          Rampage  .   (no gloves)
Will    .....                   (no boots)
Stlth   ++........              (no amulet)
HPRegen 0.06/turn               (no ring)
MPRegen 0.09/turn               (no ring)

@: no status effects
A: no striking features
a: no special abilities


You were on level 2 of the Dungeon.
You visited 1 branch of the dungeon, and saw 2 of its levels.

You collected 45 gold pieces.


   Skills:
 + Level 0.2 Short Blades
 + Level 2.1 Dodging
 + Level 2.0 Stealth
 + Level 2.2 Spellcasting
 + Level 4.3 Ice Magic


You had 4 spell levels left.
You knew the following spells:

 Your Spells              Type           Power      Damage    Failure   Level
a - Freeze                Ice            56%        1d7       3%          1

Your spell library contained the following spells:

 Spells                   Type           Power      Damage    Failure   Level
 Frozen Ramparts          Ice            28%        1d4       11%         3
 Ozocubu's Armour         Ice            14%        N/A       11%         3
 Hailstorm                Conj/Ice       8%         3d4       65%         4

Inventory:

Hand Weapons
 b - a +0 dagger (weapon) {short}
   (You found it on level 1 of the Dungeon)
Missiles
 e - 22 sling bullets
 h - 9 stones {throwing}
Armour
 a - a +0 robe (worn)
Jewellery
 g - an amulet of guardian spirit
   (You found it on level 1 of the Dungeon)
Scrolls
 d - a scroll of immolation {unknown}
 f - 3 scrolls of enchant armour {unknown}
Potions
 c - a potion of flight {unknown}
 i - 2 potions of curing {unknown}

Dungeon Overview and Level Annotations

Branches:
Dungeon (2/15)

Altars:

. #. #. ##..
#....
#.....######...
#.l.@...$...
#....w.....#
..............#
#.............#
#.##..........#
. #...$......#
#..........#
#..........#


You could see a worm and a frilled lizard.


Message History

You start waiting.
Done waiting.
A dart slug comes into view.
Aiming: Freeze (safe; 3% risk of failure)
Press: ? - help, Q - select action Shift-Dir - straight line, f - dart slug
Aim: a dart slug You freeze the dart slug.
The dart slug launches a dart at you. The slug dart hits you. 😮 HP[-6] MP[-1]
You take 6 damage, and now have 13/19 hp.
MASSIVE DAMAGE!! (PAUSE)
You lost 1 mp, and now have 4/5 mp.
You hit the dart slug. You hit the dart slug but do no damage.
The dart slug closely misses you.
You hit the dart slug.
The dart slug bites you but does no damage.
You hit the dart slug but do no damage. You hit the dart slug but do no damage.
The dart slug bites you. 😮 HP[-1]
You take 1 damage, and now have 12/19 hp.
You hit the dart slug.
You kill the dart slug!
You start resting. 😮 HP[+1] MP[+1]
Your mp is fully restored (5).
You start resting. 😎 HP[+6]
Your hp is fully restored (19).
An endoplasm comes into view.
You see here 9 stones {throwing}.
Aiming: Freeze (safe; 3% risk of failure)
Press: ? - help, Q - select action Shift-Dir - straight line, f - endoplasm
Aim: an endoplasm (asleep)
Okay, then.
The helpless endoplasm fails to defend itself.
You hit the endoplasm. The endoplasm hits you. 😕 HP[-3]
You take 3 damage, and now have 16/19 hp.
You barely miss the endoplasm. The endoplasm closely misses you.
You hit the endoplasm.
You kill the endoplasm!
h - 9 stones {throwing} You now have 31 gold pieces (gained 17).
You see here a +0 robe.
Found a stone staircase leading down. 😎 HP[+3]
Your hp is fully restored (19).
You see here an amulet of guardian spirit.
i - 2 cyan potions You open the door.
There is an open door here.
You open the door.
There is an open door here.
A ball python comes into view.
The ball python hisses angrily.
You hit the ball python. The ball python bites you. The ball python grabs you.
The ball python constricts you. The ball python bites you.
The ball python constricts you. 😕 HP[-3]
You take 3 damage, and now have 16/19 hp.
Aiming: Freeze (safe; 3% risk of failure)
Press: ? - help, Q - select action, (/) - cycle Shift-Dir - straight line, f - ball python
Aim: a ball python (severely wounded, constricting you)
You freeze the ball python.
You kill the ball python! 😕 MP[-1]
You lost 1 mp, and now have 4/5 mp.
You now have 45 gold pieces (gained 14).
You start resting. 😕 HP[+1] MP[+1]
Your mp is fully restored (5).
You start resting. 😎 HP[+2]
Your hp is fully restored (19).
There is a stone staircase leading down here.
There is an open door here.
Done exploring.
There is an open door here.
There is a stone staircase leading down here.
You climb downwards.
There is a stone staircase leading up here.
Aiming: Freeze (safe; 3% risk of failure)
Press: ? - help, Q - select action, (/) - cycle Shift-Dir - straight line, f - worm
Aim: a worm (asleep)
You freeze the worm. 😎 MP[-1]
You lost 1 mp, and now have 4/5 mp.
You barely miss the worm. The worm bites you! 😮 HP[-9]
You take 9 damage, and now have 10/19 hp.
MASSIVE DAMAGE!! (PAUSE)
You hit the worm but do no damage.
The frilled lizard hisses angrily.
You barely miss the worm. The worm barely misses you.
You hit the worm. You punch the worm. The worm bites you!
Ouch! That really hurt!
You die...

Action                   || total
-------------------------++-------
Melee: Dagger            ||    24
       Punch             ||     2
 Cast: Freeze            ||    12
 Stab: Sleeping          ||     1
Armor: Robe              ||     2
Dodge: Dodged            ||     6

Levels and vault maps discovered:
D:1:      lemuel_arrival_behind_the_door_small, layout_basic,
          dreamdust_ecumenical_altar_angels_and_demons
D:2:      layout_rooms, basic_altar, chequers_serial_rivers_small_a

Notes
Turn   | Place    | Note
-------+----------+-------------------------------------------
     0 | D:1      | mortz the Human Ice Elementalist began the quest for the
                  | Orb.
     0 | D:1      | Reached XP level 1. HP: 13/13 MP: 3/3
     0 | D:1      | magus.rc [v1.9.6]
   274 | D:1      | Reached XP level 2. HP: 19/19 MP: 3/5
   480 | D:1      | Found a faded altar of an unknown god.
  1093 | D:2      | Slain by a worm

Vanquished Creatures
  2 dart slugs (D:1)
  2 endoplasms (D:1)
  2 goblins (D:1)
  A hobgoblin (D:1)
  2 ball pythons (D:1)
  3 rats (D:1)
12 creatures vanquished.

Table legend:
 A = Non-vault XP
 B = Vault XP
 C = Vault XP percentage of total XP
 D = Non-vault monster count
 E = Vault monster count
 F = Vault count percentage of total count
                 A         B        C        D         E       F
            +---------+---------+-------+---------+---------+-------
      Total |      23 |       0 |   0.0 |      12 |       0 |   0.0
            +---------+---------+-------+---------+---------+-------
        D:1 |      23 |       0 |   0.0 |      12 |       0 |   0.0
            +---------+---------+-------+---------+---------+-------

Illustrated notes

Table legend:
 A = Kills in this place as a percentage of kills in entire the game.
 B = Kills by you in this place as a percentage of kills by you in the entire game.
 C = Kills by friends in this place as a percentage of kills by friends in the entire game.
 D = Other kills in this place as a percentage of other kills in the entire game.
 E = Experience gained in this place as a percentage of experience gained in the entire game.
 F = Experience gained in this place divided by the number of levels of this place that you have seen.
                   A       B       C       D       E      F
               +-------+-------+-------+-------+-------+----------------------
         Total | 100.0 | 100.0 |   N/A |   N/A | 100.0 |  11.5
       Dungeon | 100.0 | 100.0 |   N/A |   N/A | 100.0 |  11.5
               +-------+-------+-------+-------+-------+----------------------

Table legend: (Time is in decaauts)
 A = Elapsed time spent in this place.
 B = Non-inter-level travel time spent in this place.
 C = Inter-level travel time spent in this place.
 D = Time resting spent in this place.
 E = Time spent auto-exploring this place.
 F = Levels seen in this place.
 G = Mean time per level.
                   A        B        C        D        E       F      G
               +--------+--------+--------+--------+--------+-----+--------+
         Total |   1092 |   1078 |     14 |    438 |    529 |   2 |  546.0 |
       Dungeon |   1092 |   1078 |     14 |    438 |    529 |   2 |  546.0 |
               +--------+--------+--------+--------+--------+-----+--------+

Top non-repeatable levels by time:
     D:1: 1086 daAuts
     D:2: 5 daAuts
